 Dungeon Crawl Stone Soup version 0.20-a0-555-gf6ae02d (webtiles) character file.

61 M4edhros the Sneak (level 4, -1/28 HPs)
             Began as an Octopode Artificer on Feb 6, 2017.
             Killed from afar by Lahna's ghost (6 damage)
             ... with a zap
             ... on level 4 of the Dungeon.
             The game lasted 00:01:15 (1484 turns).

M4edhros the Sneak (Octopode Artificer)             Turns: 1484, Time: 00:01:16

Health: -1/28      AC:  1    Str: 11    XL:     4   Next: 7%
Magic:  6/6        EV: 13    Int: 13    God:
Gold:   67         SH:  0    Dex: 13    Spells: 3/3 levels left

rFire    . . .     SeeInvis .   a - +0 short sword
rCold    . . .     Gourm    .   (no shield)
rNeg     . . .     Faith    .   (helmet restricted)
rPois    .         Spirit   .   (no amulet)
rElec    .         Reflect  .   (no ring)
rCorr    .         Harm     .   (no ring)
MR       .....                  (no ring)
Stlth    ++++......             (no ring)
Regen    0.1/turn               (no ring)
                                (no ring)
                                (no ring)
                                (no ring)

@: no status effects
A: almost no armour, stealthy swim, amphibious, 8 rings, constrict 8, camouflage
1, gelatinous body 1
a: no special abilities


You were on level 4 of the Dungeon.
You were not hungry.

You visited 1 branch of the dungeon, and saw 4 of its levels.

You collected 67 gold pieces.

Inventory:

Hand Weapons
 a - a +0 short sword (weapon)
Missiles
 j - 59 stones (quivered)
Jewellery
 i - an uncursed ring of ice
Wands
 b - a wand of flame (14/48)
 c - a wand of enslavement (13/24)
 d - a wand of random effects (15/48)
Scrolls
 m - a scroll of magic mapping {unknown}
 n - a scroll of teleportation {unknown}
 p - a scroll of amnesia {unknown}
 q - a scroll of remove curse {unknown}
 r - a scroll of identify {unknown}
Potions
 e - 3 potions of ambrosia {unknown}
 k - a potion of haste {unknown}
 l - a potion of curing {unknown}
 o - 2 potions of degeneration {unknown}
 s - a potion of mutation {unknown}
Comestibles
 f - 2 bread rations
 g - a royal jelly
 h - 3 fruits
 t - a chunk of flesh


   Skills:
 - Level 1.0 Fighting
 - Level 1.0 Short Blades
 - Level 2.0 Dodging
 + Level 5.5 Stealth
 - Level 3.2 Evocations


You had 3 spell levels left.
You didn't know any spells.

Dungeon Overview and Level Annotations

Branches:
Dungeon (4/15)
 Temple: D:4-7

Altars:

Annotations:
D:4 Lahna's ghost, amateur TeAE


Innate Abilities, Weirdness & Mutations

You cannot wear most types of armour.
You are very stealthy in the water. (Stealth+)
You are amphibious.
You can wear up to eight rings at the same time.
You can use your tentacles to constrict eight enemies at once.
Your skin changes colour to match your surroundings (Stealth+).
Your rubbery body absorbs attacks. (AC +1, EV +1)


Message History

Found an escape hatch in the ceiling.
You closely miss Lahna's ghost.
Lahna's ghost mumbles some strange words.
The giant cockroach is struck by lightning.
The giant cockroach dies!
The lightning arcs!
You are struck by lightning.
The lightning arcs!
You are struck by lightning.
The lightning grounds out.
Evoke which item? (* to show all) (? for menu, Esc to quit)
Aiming: Enslavement
Press: ? - help, Shift-Dir - straight line, f - Lahna's ghost
Aim: Lahna's ghost, wielding a weapon of venom (chance to defeat MR: 37%)
Okay, then.
Lahna's ghost casts a spell at you. The zap hits you!
* * * LOW HITPOINT WARNING * * *
Okay, then.
Found 28 stones.
Lahna's ghost casts a spell at you. The zap hits you!
You die...

≈^(≈.. ^^. .^^#≈.. ^§#
^.^≈≈..##^^# ..≈#≈..#§#.
.. #..§≈....^# .##
#.........# ..#
#.........##########..#
#......@...........#..#
###....##W###### #.#..#
####..†.##.########.#..#
.......................#
####....##.########.#.##
#....##[.......#.#.#
##############.#.#.#
.........<#.#
######.##.#.#


You could see Lahna's ghost.

Vanquished Creatures
  3 adders
  An ooze (D:1)
  2 bats (D:1)
  3 giant cockroaches
  A goblin (D:1)
  5 hobgoblins
  2 jackals (D:1)
  7 kobolds (D:1)
  2 frilled lizards (D:1)
  2 rats (D:1)
28 creatures vanquished.

Vanquished Creatures (collateral kills)
  A jackal (D:1)
  A bat (D:1)
  A rat (D:1)
3 creatures vanquished.

Vanquished Creatures (others)
  A giant cockroach (D:4)
  A jackal (D:1)
2 creatures vanquished.

Grand Total: 33 creatures vanquished

Notes
Turn   | Place    | Note
-------+----------+-------------------------------------------
     0 | D:1      | M4edhros the Octopode Artificer began the quest for the Orb.
     0 | D:1      | Reached XP level 1. HP: 13/13 MP: 3/3
   107 | D:1      | Reached skill level 2 in Stealth
   117 | D:1      | Reached XP level 2. HP: 5/18 MP: 4/4
   118 | D:1      | Reached skill level 3 in Stealth
   811 | D:1      | Reached skill level 4 in Stealth
  1009 | D:1      | Reached XP level 3. HP: 23/23 MP: 5/5
  1372 | D:2      | Reached skill level 5 in Stealth
  1434 | D:3      | Reached XP level 4. HP: 21/28 MP: 6/6
  1475 | D:4      | Noticed Lahna's ghost (amateur TeAE)
  1484 | D:4      | Killed from afar by Lahna's ghost

Vault maps used:
D:1:      dpeg_arrival_brainrot, corexii_item_surrounded_by_moat
D:2:      old_standard_altar
D:3:      nicolae_ru_awakened_eye
D:4:      grunt_qazlal_sundering, first_bread, uniq_grinder

Skill      XL: |  1  2  3 |
---------------+----------+-----
Stealth        | 2 4 5 |  5.5
Fighting       | |  1.0
Short Blades   | |  1.0
Dodging        | |  2.0
Evocations     | |  3.2

Action                   |  1- 3 |  4- 6 || total
-------------------------+-------+-------++-------
Melee: Short sword       |    60 |     1 ||    61
       Constrict         |    14 |       ||    14
       Tentacles         |     9 |       ||     9
Evoke: Wand              |     3 |       ||     3
 Stab: Sleeping          |     6 |       ||     6
       Distracted        |     1 |       ||     1
  Eat: Chunk             |     2 |       ||     2
Armor: Skin              |     5 |       ||     5
Dodge: Dodged            |    42 |       ||    42
